 Dungeon Crawl Stone Soup version 0.28-a0-773-g130ae17fe5 (webtiles) character file.

Game seed: 11088572234007287072

22649 rogsnak the Geomancer (level 13, -6/70 HPs)
             Began as a Gargoyle Earth Elementalist on Nov 2, 2021.
             Was a Believer of Sif Muna.
             Shot with an arrow by Nessos (9 damage)
             ... on level 13 of the Dungeon.
             The game lasted 01:00:36 (23476 turns).

rogsnak the Geomancer (GrEE)                       Turns: 23476, Time: 01:00:36

Health: -6/70      AC: 19    Str: 12    XL:     13   Next: 1%
Magic:  31/37      EV: 11    Int: 32    God:    Sif Muna [**....]
Gold:   1288       SH:  3    Dex: 10    Spells: 18/34 levels left

rFire   + + +      SeeInvis .   v - +2 dagger (venom)
rCold   + + .      Faith    +   g - +0 buckler
rNeg    + . .      Spirit   .   u - +1 ring mail {rC+}
rPois   ∞          Reflect  .   C - +0 helmet
rElec   +          Harm     .   P - scarf {shadows}
rCorr   +          Rampage  .   R - +0 pair of gloves of Leaves {rF+ Int+4}
Will    .....                   (no boots)
Stlth   +.........              I - amulet of faith
HPRegen 0.21/turn               b - ring of magical power
MPRegen 0.25/turn               Z - ring "Firideato" {rF++ rC+ rCorr Int+7}

@: very slightly contaminated, studying Spellcasting, invisible
A: sickness immunity, AC +9, negative energy resistance 1, electricity
resistance, torment resistance 1, petrification resistance
a: Renounce Religion, Channel Magic


You were on level 13 of the Dungeon.
You worshipped Sif Muna.
Sif Muna was pleased with you.
You visited 2 branches of the dungeon, and saw 14 of its levels.
You also visited: Sewer, Ossuary and Gauntlet.

You collected 1288 gold pieces.

Inventory:

Hand Weapons
 v - a +2 dagger of venom (weapon)
 A - a +4 scimitar of flaming
 H - a +2 whip of electrocution
 K - the +5 spear of Brawling {holy, Str+3 Int+4}
   (You found it on level 9 of the Dungeon)

   It has been blessed by the Shining One to cause great damage to the undead
   and demons.
   Str:       It affects your strength (+3).
   Int:       It affects your intelligence (+4).
Missiles
 c - 424 stones
 B - 4 datura-tipped darts
Armour
 g - a +0 buckler (worn)
 u - a +1 ring mail of cold resistance (worn)
 C - a +0 helmet (worn)
 P - a scarf of shadows (worn)
 Q - a +2 chain mail of poison resistance
 R - the +0 pair of gloves of Leaves (worn) {rF+ Int+4}
   (You found it on level 9 of the Dungeon)

   Int:       It affects your intelligence (+4).
   rF:        It protects you from fire.
 S - a +2 cloak
Magical Staves
 e - a staff of earth
 X - a staff of air
Jewellery
 b - a ring of magical power (left hand)
 n - a ring of protection from cold
 I - an amulet of faith (around neck)
 T - a ring of wizardry
 W - a ring of resist corrosion
 Z - the ring "Firideato" (right hand) {rF++ rC+ rCorr Int+7}
   (You found it on level 9 of the Dungeon)

   [ring of protection from cold]

   Int:       It affects your intelligence (+7).
   rF:        It greatly protects you from fire.
   rC:        It protects you from cold.
   rCorr:     It protects you from acid and corrosion.
Wands
 j - a wand of paralysis (21)
 y - a wand of iceblast (37)
 L - a wand of polymorph (8)
 N - a wand of digging (9)
 V - a wand of flame (34)
Scrolls
 f - 5 scrolls of enchant weapon {unknown}
 i - 2 scrolls of immolation {unknown}
 o - 3 scrolls of enchant armour
 p - 5 scrolls of fear
 q - 2 scrolls of teleportation
 t - 2 scrolls of magic mapping
 x - 3 scrolls of vulnerability {unknown}
 E - 4 scrolls of amnesia {unknown}
 F - a scroll of summoning
 G - a scroll of holy word
 J - a scroll of brand weapon
 M - 2 scrolls of acquirement {unknown}
 U - a scroll of fog
Potions
 a - a potion of cancellation
 d - 3 potions of heal wounds
 h - a potion of resistance
 k - 4 potions of attraction {unknown}
 l - 2 potions of magic {unknown}
 m - 3 potions of might
 r - 6 potions of haste
 w - 3 potions of curing
 z - 5 potions of flight {unknown}
 D - 2 potions of ambrosia
 O - a potion of berserk rage
Miscellaneous
 Y - a condenser vane


   Skills:
 + Level 4.2 Fighting
 + Level 5.4 Armour
 + Level 5.5 Dodging
 - Level 2.1 Stealth
 + Level 11.2 Spellcasting
 + Level 11.5 Conjurations
 - Level 0.7 Transmutations
 + Level 0.4 Ice Magic
 + Level 6.8 Air Magic
 + Level 11.7 Earth Magic
 + Level 0.2 Evocations


You had 18 spell levels left.
You knew the following spells:

 Your Spells              Type           Power      Damage    Failure   Level
a - Sandblast             Erth           100%       2d20      1%          1
b - Stone Arrow           Conj/Erth      100%       3d13      1%          3
c - Poisonous Vapours     Pois/Air       78%        N/A       3%          2
d - Freezing Cloud        Conj/Ice/Air   27%        6-21      19%         5
e - Lee's Rapid Deconstr  Erth           37%        3d20*     1%          5

Your spell library contained the following spells:

 Spells                   Type           Power      Damage    Failure   Level
 Passwall                 Tmut/Erth      45%        N/A       1%          2
 Corpse Rot               Necr/Air       78%        N/A       3%          2
 Petrify                  Tmut/Erth      55%        N/A       7%          4
 Sting                    Tmut/Pois      80%        1d7       8%          1
 Fulminant Prism          Conj/Hex       26%        3d14      9%          4
 Iskenderun's Mystic Bla  Conj/Tloc      53%        2d11      9%          4
 Animate Skeleton         Necr           36%        N/A       10%         1
 Apportation              Tloc           36%        N/A       10%         1
 Pain                     Necr           72%        1d7       10%         1
 Summon Small Mammal      Summ           72%        N/A       10%         1
 Ensorcelled Hibernation  Hex/Ice        38%        N/A       13%         2
 Irradiate                Conj/Tmut      27%        3d22      21%         5
 Spider Form              Tmut/Pois      20%        N/A       24%         3
 Vampiric Draining        Necr           18%        2d7       28%         3
 Dispel Undead            Necr           18%        3d11      67%         4
 Olgreb's Toxic Radiance  Pois           18%        N/A       67%         4
 Death Channel            Necr           9%         N/A       100%        6
 Simulacrum               Ice/Necr       9%         N/A       100%        6
 Polar Vortex             Ice            10%        N/A       100%        9
 Sublimation of Blood     Necr           Unusable   N/A       N/A         2

Dungeon Overview and Level Annotations

Branches:
Dungeon (13/15)            Temple (1/1) D:7            Lair (0/6) D:8
    Orc (0/2) D:12          Sewer (visited)         Ossuary (visited)
Gauntlet (visited)
 Vaults: D:13-14

Altars:
Ashenzari
Cheibriados
Dithmenos
Elyvilon
Fedhas
Gozag
Hepliaklqana
Kikubaaqudgha
Makhleb
Nemelex Xobeh
Okawaru
Qazlal
Ru
Sif Muna
Trog
Uskayaw
Vehumet
Wu Jian
Xom
Yredelemnul
Zin
The Shining One

Shops:
D:2 [   D:4 [   D:5 :

Portals:
Trove: D:12 (give 12 potions of heal wounds)

Annotations:
D:8 ice statue water cache, exclusion: ice statue
D:13 Nessos


Innate Abilities, Weirdness & Mutations

You are immune to sickness and miasma.
Your stone body is resilient. (AC +9)
You are immune to poison.
You resist negative energy. (rN+)
You are resistant to electric shocks. (rElec)
You are resistant to unholy torment.
You are immune to petrification.


Message History

Press: ? - help, Dir - move target, f - Nessos
Aim: Nessos, wielding a +1 longbow of flaming, wearing a +0 barding and quivering arrows (fast) Nessos is engulfed in freezing vapours.
Nessos shoots an arrow.
The arrow hits you! The arrow burns you.
Nessos is engulfed in freezing vapours.
Nessos mumbles some strange words.
Nessos blinks!
Unknown command.
Casting: Freezing Cloud (quite dangerous; 19% risk of failure)
Confirm with . or Enter, or press ? or * to list all spells.
Aiming: Stone Arrow (safe; 1% risk of failure)
Press: ? - help, Shift-Dir - straight line, f/p - Nessos
Aim: Nessos, wielding a +1 longbow of flaming, wearing a +0 barding and quivering arrows (lightly wounded, fast, 87% to hit)
The stone arrow hits Nessos!
Nessos is moderately wounded.
Nessos shoots an arrow.
The arrow hits you!
* * * LOW HITPOINT WARNING * * *
Nessos casts a spell.
Nessos blinks!
Unknown command.
Unknown command.
Okay, then.
Press: ? - help, v - describe, . - travel
Here: Nessos, wielding a +1 longbow of flaming, wearing a +0 barding and quivering arrows (moderately wounded, fast)
The floor.
You fade into invisibility!
Nessos shoots an arrow.
The arrow hits you.
* * * LOW HITPOINT WARNING * * *
Nessos shoots an arrow.
The arrow hits you!
* * * LOW HITPOINT WARNING * * *
You are very lightly contaminated with residual magic.
Unknown command.
Nessos shoots an arrow. x3
Unknown command.
Unknown command.
A basilisk comes into view.
The basilisk hisses angrily.
Unknown command.
Nessos shoots an arrow.
The arrow hits you!
You die...

≈.#
..#.#.#.#......#.....
≈. ....................
# #
..##...#....#.........
#..#
..l.......c............
....
#..###.................
##.
......c####..#.......#.
#.#.##.# #..#.#####.#.
#.#.##.# #............
#.....@# #c.#.###.....
#.##...........# #.....
#...........# #.....
#####
#.............#.....
....#
#...........#.#.....
....##.
#...........#.#...).
....... #########.#.#
#..... ....... .#.....
....... .......)


You could see Nessos (fast).

Vanquished Creatures
  A minotaur (Gauntlet)
  2 boulder beetles (D:12)
  2 hydras
  3 centaur warriors
  3 two-headed ogres
  A tengu warrior (D:12)
  A wizard (Gauntlet)
  2 ugly things (D:9)
  A manticore (D:12)
  2 gargoyles
  Maggie (D:9)
  Maurice (D:13)
  2 efreet
  A freezing wraith (D:9)
  2 unseen horrors
  2 komodo dragons (D:8)
  A tengu conjurer (D:11)
  A troll (D:12)
  A meliai (D:9)
  Grinder (D:5)
  2 hornets
  A wyvern (D:9)
  2 shadows
  13 yaks
  2 steam dragons (D:9)
  2 acid dragons (D:11)
  5 water moccasins
  4 small abominations (Gauntlet)
  4 black bears (D:8)
  An ice beast (D:5)
  A sky beast (D:6)
  2 necrophages (D:6)
  8 orc warriors
  3 ogres
  2 centaurs
  2 phantoms
  A kobold brigand (D:10)
  5 bullfrogs
  2 scorpions
  3 killer bees (D:9)
  8 wights
  An electric eel (D:13)
  2 howler monkeys (D:9)
  9 centaur zombies
  6 hounds
  6 orc priests
  A gnoll shaman (D:6)
  A bullfrog skeleton (D:6)
  A centaur skeleton (D:7)
  Crazy Yiuf (D:5)
  2 iguanas (D:6)
  10 orc wizards
  Terence (D:2)
  A howler monkey zombie (D:9)
  8 mummies (Ossuary)
  A howler monkey skeleton (D:6)
  8 gnolls
  10 adders
  4 river rats
  A shadow imp (Gauntlet)
  A white imp (Gauntlet)
  An adder skeleton (D:2)
  A worm (D:3)
  42 orcs
  7 endoplasms
  5 giant cockroaches
  17 hobgoblins
  4 jackals (D:3)
  6 quokkas
  15 ball pythons
  6 bats
  7 frilled lizards
  A gnoll zombie (Ossuary)
  14 goblins
  4 hobgoblin zombies (Ossuary)
  19 kobolds
  A kobold zombie (Ossuary)
  2 orc zombies (Ossuary)
  11 rats
342 creatures vanquished.

Vanquished Creatures (others)
  37 fungi (D:8)
  35 plants (D:8)
72 creatures vanquished.

Grand Total: 414 creatures vanquished

Notes
Turn   | Place    | Note
-------+----------+-------------------------------------------
     0 | D:1      | rogsnak the Gargoyle Earth Elementalist began the quest for
                  | the Orb.
     0 | D:1      | Reached XP level 1. HP: 10/10 MP: 3/3
   555 | D:1      | Reached XP level 2. HP: 16/16 MP: 5/5
  1062 | D:1      | Found a faded altar of an unknown god.
  1219 | D:1      | Reached XP level 3. HP: 20/20 MP: 6/6
  1223 | D:1      | Learned a level 3 spell: Stone Arrow
  1704 | D:2      | Found Qiff's Antique Armour Boutique.
  2988 | D:2      | Noticed Terence
  3044 | D:2      | Killed Terence
  3045 | D:2      | Reached XP level 4. HP: 11/24 MP: 7/7
  3250 | D:2      | Reached skill level 1 in Fighting
  3293 | D:2      | Reached skill level 5 in Earth Magic
  3443 | D:2      | Reached XP level 5. HP: 25/29 MP: 8/8
  4138 | D:3      | Found a glowing drain.
  4142 | Sewer    | Entered a sewer
  4808 | D:3      | Noticed an ogre
  5165 | D:3      | Killed an ogre
  5166 | D:3      | Reached XP level 6. HP: 35/35 MP: 6/10
  5651 | D:3      | Learned a level 2 spell: Poisonous Vapours
  6320 | D:4      | Found Ciyph's Antique Armour Shoppe.
  6534 | D:4      | Found an iron altar of Okawaru.
  6575 | D:4      | Reached XP level 7. HP: 40/40 MP: 11/11
  6623 | D:4      | Reached skill level 1 in Conjurations
  6945 | D:5      | Entered Level 5 of the Dungeon
  6966 | D:5      | Found a sand-covered staircase.
  6977 | D:5      | Reached skill level 1 in Air Magic
  7028 | Ossuary  | Entered an ossuary
  8313 | D:5      | Reached XP level 8. HP: 35/45 MP: 0/13
  9033 | D:5      | Found Xieme's Book Boutique.
  9122 | D:5      | Noticed Grinder
  9142 | D:5      | Paralysed by Grinder for 6 turns
  9162 | D:5      | Killed Grinder
  9341 | D:5      | Found a runed translucent door.
  9343 | D:5      | Noticed Crazy Yiuf
  9349 | D:5      | Killed Crazy Yiuf
 10055 | D:6      | Reached skill level 5 in Conjurations
 10055 | D:6      | Reached XP level 9. HP: 50/50 MP: 2/16
 10858 | D:6      | Found an ancient bone altar of Kikubaaqudgha.
 10858 | D:6      | Found a hazy altar of Hepliaklqana.
 10859 | D:6      | Found a basalt altar of Yredelemnul.
 11068 | D:6      | Reached skill level 5 in Spellcasting
 11106 | D:6      | Found a sparkling altar of Nemelex Xobeh.
 11722 | D:7      | Found a staircase to the Ecumenical Temple.
 11729 | Temple   | Entered the Ecumenical Temple
 11770 | Temple   | Became a worshipper of Sif Muna the Loreminder
 11857 | D:7      | HP: 1/51 [orc warrior (11)]
 12257 | D:7      | Noticed a hornet
 12260 | D:7      | Killed a hornet
 12883 | D:7      | Reached XP level 10. HP: 41/56 MP: 10/18
 13555 | D:8      | Noticed a two-headed ogre
 13652 | D:8      | Killed a two-headed ogre
 13821 | D:8      | Reached skill level 5 in Dodging
 13912 | D:8      | Found a broken altar of Ashenzari.
 13920 | D:8      | Noticed a two-headed ogre
 13928 | D:8      | Killed a two-headed ogre
 14191 | D:8      | Found a white marble altar of Elyvilon.
 14260 | D:8      | Found a staircase to the Lair.
 14689 | D:8      | Noticed an ice statue
 15108 | D:9      | Found an ornate altar of the Wu Jian Council.
 15124 | D:9      | Noticed a centaur warrior
 15137 | D:9      | Noticed a centaur warrior
 15429 | D:9      | Identified the ring "Firideato" {rF++ rC+ rCorr Int+7}
 15433 | D:9      | Identified the +5 spear of Brawling {holy, Str+3 Int+4}
 15516 | D:9      | Reached skill level 5 in Air Magic
 15602 | D:9      | Killed a centaur warrior
 15603 | D:9      | Reached skill level 1 in Armour
 15603 | D:9      | Reached XP level 11. HP: 60/60 MP: 14/21
 15803 | D:8      | Reached * piety under Sif Muna
 15936 | D:9      | Noticed a two-headed ogre
 16017 | D:9      | Killed a two-headed ogre
 16239 | D:9      | Noticed a boulder beetle
 16251 | D:9      | Identified the +0 pair of gloves of Leaves {rF+ Int+4}
 16288 | D:9      | Noticed a cyan ugly thing
 16299 | D:9      | Killed a cyan ugly thing
 16486 | D:9      | HP: 2/60 [centaur warrior/arrow (23)]
 16488 | D:9      | Killed a centaur warrior
 16489 | D:9      | Reached skill level 10 in Conjurations
 16767 | D:9      | Noticed a cyan ugly thing
 16772 | D:9      | Killed a cyan ugly thing
 16773 | D:9      | Reached skill level 10 in Earth Magic
 16994 | D:9      | Found a shimmering altar of Xom.
 17091 | D:9      | Noticed Maggie
 17100 | D:9      | Killed Maggie
 17836 | D:10     | Entered Level 10 of the Dungeon
 18298 | D:10     | Reached ** piety under Sif Muna
 19126 | D:11     | Found a gate leading to a gauntlet.
 19142 | Gauntlet | Entered a Gauntlet
 19142 | Gauntlet | Found a transporter.
 19147 | Gauntlet | Noticed a sixfirhy
 19149 | Gauntlet | Found a transporter.
 19151 | Gauntlet | Found a transporter.
 19153 | Gauntlet | Noticed a wizard
 19157 | Gauntlet | Found a transporter.
 19157 | Gauntlet | Found a runed translucent gate.
 19157 | Gauntlet | Found a runed translucent gate.
 19157 | Gauntlet | Found a runed translucent gate.
 19164 | Gauntlet | Found a transporter.
 19168 | Gauntlet | Found a transporter.
 19173 | Gauntlet | Found a transporter.
 19180 | Gauntlet | Found a transporter.
 19182 | Gauntlet | Found a transporter.
 19184 | Gauntlet | Noticed a death yak
 19184 | Gauntlet | Noticed a death yak
 19185 | Gauntlet | Noticed a death yak
 19186 | Gauntlet | Noticed a death yak
 19187 | Gauntlet | Found a transporter.
 19187 | Gauntlet | Noticed a death yak
 19187 | Gauntlet | Noticed a death yak
 19196 | Gauntlet | Found a transporter.
 19196 | Gauntlet | Found a transporter.
 19201 | Gauntlet | Found a transporter.
 19206 | Gauntlet | Found a transporter.
 19215 | Gauntlet | Noticed an orange crystal statue
 19303 | Gauntlet | Killed a wizard
 19304 | Gauntlet | Reached XP level 12. HP: 66/66 MP: 14/24
 19725 | Gauntlet | Identified the +4 hand crossbow of the Hawk {vorpal, rPois
                  | rCorr Stlth+}
 19725 | Gauntlet | Noticed a minotaur
 19735 | Gauntlet | Killed a minotaur
 20304 | D:11     | Noticed a four-headed hydra
 20747 | D:11     | Learned a level 5 spell: Freezing Cloud
 20946 | D:11     | Learned a level 5 spell: Lee's Rapid Deconstruction
 21006 | D:12     | Noticed a tengu warrior
 21006 | D:12     | Noticed a boulder beetle
 21125 | D:12     | Noticed a boulder beetle
 21133 | D:12     | Killed a boulder beetle
 21336 | D:12     | Reached skill level 5 in Armour
 21454 | D:12     | Reached skill level 10 in Spellcasting
 21717 | D:12     | Noticed a seven-headed hydra
 21720 | D:12     | Killed a seven-headed hydra
 21794 | D:12     | Found a staircase to the Orcish Mines.
 22130 | D:12     | Killed a tengu warrior
 22279 | D:12     | Found a portal to a secret trove of treasure.
 22307 | D:12     | Killed a boulder beetle
 22640 | D:13     | Noticed a centaur warrior
 22645 | D:13     | Killed a centaur warrior
 22851 | D:13     | Noticed an eight-headed hydra
 22855 | D:13     | Killed an eight-headed hydra
 22861 | D:13     | Noticed Maurice
 23395 | D:13     | Killed Maurice
 23396 | D:13     | Reached XP level 13. HP: 70/70 MP: 27/28
 23462 | D:13     | Noticed Nessos
 23470 | D:13     | HP: 2/70 [Nessos/arrow (13)]
 23476 | D:13     | Shot with an arrow by Nessos

Illustrated notes

Levels and vault maps discovered:
D:1:      heliophobic_arrival_dark_side_of_the_moon, layout_basic,
          chequers_ecumenical_altar_simple, hangedman_feature_mirror
D:2:      layout_loops_corners, serial_shops, nicolae_shop_overgrown_old_shop,
          roderic_serpentine_path, minmay_snake_closets, uniq_terence
D:3:      layout_basic, gup_sewer_entry_bowl, minmay_strange_pillars,
          minmay_misc_feat_iff, hangedman_decor_opposing,
          kennysheep_generic_room_11
D:4:      layout_basic, lemuel_tele_altar, serial_shops, shop_statue
D:5:      corexii_shantytown, layout_cave_pods, nicolae_ossuary_entry_ruins,
          serial_shops, kennysheep_mini_moat, uniq_grinder,
          uniq_crazy_yiuf_cottage
D:6:      layout_cave_pods, gammafunk_temple_overflow_claw,
          nemelex_dance_club_becter, chequers_jeans, minmay_misc_feat_cross,
          hangedman_decor_push, st_stairs_6, minmay_misc_feat_roman,
          nicolae_water_bricks
D:7:      layout_cave_pods, minmay_temple_entry_trees
D:8:      lemuel_ice_statue, layout_basic, mainiacjoe_overflow_alcove_1,
          nicolae_ashenzari_skybound, due_lair_maze_entry_diamond
D:9:      minmay_the_grid_octo_triangle [minmay_the_grid_octo_clover,
          minmay_the_grid_octo_prize_ultimate_mussel_roller,
          minmay_the_grid_octo_vomiting_pacman], layout_irregular_city,
          old_standard_altar, nicolae_wu_jian_wuxing_cycle, minmay_three_doors,
          uniq_maggie
D:10:     layout_roguey
D:11:     layout_rooms, gauntlet_entry_generic
D:12:     layout_small_grid, david_orc_4, nicolae_trove_entry_columns,
          grunt_ministairs_15
D:13:     layout_basic, grunt_vaults_entry_fortified,
          yredelemnul_forgotten_temple_becter, uniq_maurice, uniq_nessos
Temple:   cyrus_circular_temple

Skill      XL: |  1  2  3  4  5  6  7  8  9 10 11 12 |
---------------+-------------------------------------+-----
Earth Magic    | 4 5 6 7 8 9 10 11 | 11.7
Dodging        | 2 3 4 5 |  5.5
Fighting       | 1 2 3 4 |  4.2
Spellcasting   | 3 4 5 7 8 11 | 11.2
Conjurations   | 2 5 7 9 10 11 | 11.5
Air Magic      | 1 2 4 5 6 |  6.8
Armour         | 1 3 5 |  5.4
Stealth        | |  2.1
Transmutations | |  0.7
Ice Magic      | |  0.4
Evocations     | |  0.2

Action                   |  1- 3 |  4- 6 |  7- 9 | 10-12 | 13-15 || total
-------------------------+-------+-------+-------+-------+-------++-------
Melee: Hand axe          |   118 |       |       |       |       ||   118
       Unarmed           |     1 |       |       |       |       ||     1
       Dagger            |    18 |   284 |   116 |    96 |       ||   514
       Whip              |       |       |    12 |    13 |       ||    25
       Spear             |       |       |       |    17 |       ||    17
       Staff             |       |       |       |     7 |       ||     7
 Cast: Sandblast         |     3 |    16 |     9 |       |       ||    28
       Stone Arrow       |       |     1 |   109 |   274 |     1 ||   385
       Poisonous Vapours |       |       |     5 |    40 |       ||    45
       Freezing Cloud    |       |       |       |     8 |     1 ||     9
       Lee's Rapid Decon |       |       |       |     6 |       ||     6
Evoke: Wand              |       |       |     1 |       |       ||     1
       Condenser vane    |       |       |       |     1 |       ||     1
  Use: Potion            |       |       |     1 |     1 |     1 ||     3
       Scroll            |       |       |       |    17 |     1 ||    18
 Stab: Sleeping          |     1 |    11 |     3 |       |       ||    15
Armor: Robe              |    39 |    91 |    52 |     9 |       ||   191
       Ring mail         |       |       |       |   142 |       ||   142
Dodge: Dodged            |   101 |   160 |    85 |   164 |       ||   510

Table legend: (Time is in decaauts)
 A = Elapsed time spent in this place.
 B = Non-inter-level travel time spent in this place.
 C = Inter-level travel time spent in this place.
 D = Time resting spent in this place.
 E = Time spent auto-exploring this place.
 F = Levels seen in this place.
 G = Mean time per level.
                   A        B        C        D        E       F      G
               +--------+--------+--------+--------+--------+-----+--------+
         Total |  23579 |  23301 |    278 |   6365 |  11899 |  17 | 1387.0 |
       Dungeon |  21371 |  21093 |    278 |   5296 |  11473 |  13 | 1643.9 |
        Temple |     56 |     56 |      0 |      0 |     31 |   1 |   56.0 |
         Sewer |    685 |    685 |      0 |    185 |    325 |   1 |  685.0 |
       Ossuary |    760 |    760 |      0 |    446 |     70 |   1 |  760.0 |
      Gauntlet |    705 |    705 |      0 |    438 |      0 |   1 |  705.0 |
               +--------+--------+--------+--------+--------+-----+--------+

Top non-repeatable levels by time:
     D:9: 2498 daAuts
     D:8: 2432 daAuts
     D:2: 2237 daAuts
     D:5: 2006 daAuts
     D:6: 1778 daAuts
     D:1: 1731 daAuts
    D:12: 1560 daAuts
     D:7: 1421 daAuts
     D:3: 1351 daAuts
    D:10: 1305 daAuts
    D:11: 1138 daAuts
     D:4: 1020 daAuts
    D:13: 889 daAuts
 Ossuary: 760 daAuts
Gauntlet: 705 daAuts
